 Dungeon Crawl Stone Soup version 0.30.1-9-gdf580d7c3d (webtiles) character file.

Game seed: 13689111352712532743

19 Psyclone the Conjurer (level 2, 22/22 HPs)
             Began as a Deep Elf Conjurer on Sept 29, 2023.
             Quit the game on level 1 of the Dungeon.
             The game lasted 00:01:27 (757 turns).

Psyclone the Conjurer (Deep Elf Conjurer)            Turns: 757, Time: 00:01:27

Health: 22/22      AC:  2    Str:  4    XL:     2   Next: 55%
Magic:  8/8        EV: 12    Int: 22    God:
Gold:   61         SH:  0    Dex: 13    Spells: 4/7 levels left

rFire   . . .        (no weapon)
rCold   . . .        (no shield)
rNeg    . . .        a - +0 robe
rPois   .            (no helmet)
rElec   .            (no cloak)
rCorr   .            (no gloves)
SInv    .            (no boots)
Will    .....        (no amulet) Stlth
                     (no ring)
HPRegen 0.23/turn    (no ring)
MPRegen 0.11/turn

%: no passive effects
@: berserking, very quick
A: no striking features
a: no special abilities


You were on level 1 of the Dungeon.
You visited 1 branch of the dungeon, and saw 1 of its levels.

You collected 61 gold pieces.

Inventory:

Armour
 a - a +0 robe (worn)
Scrolls
 d - a scroll of identify {@r1}
Potions
 b - a potion of magic
 c - a potion of might
 e - a potion of heal wounds


   Skills:
 - Level 2.4 Dodging
 - Level 2.4 Stealth
 - Level 3.0 Spellcasting
 + Level 5.2 Conjurations


You had 4 spell levels left.
You knew the following spells:

 Your Spells              Type           Power      Damage    Failure   Level
a - Magic Dart            Conj           100%       1d8       1%          1
b - Searing Ray           Conj           52%        2d6       2%          2

Your spell library contained the following spells:

 Spells                   Type           Power      Damage    Failure   Level
 Necrotise                Necr           12%        1d4       12%         1
 Dazzling Flash           Conj/Hex       28%        N/A       13%         3
 Fulminant Prism          Conj/Hex       7%         3d6       38%         4
 Iskenderun's Mystic Bla  Conj/Tloc      14%        2d5       38%         4


Dungeon Overview and Level Annotations

Branches:
Dungeon (1/15) Zot: 5241

Altars:


Message History

You now have 31 gold pieces (gained 9).
Things that are here:
a +0 club; 5 stones; a dart slug corpse Key pressed, stopping explore.
Key pressed, stopping explore.
Key pressed, stopping explore.
Things that are here:
a +0 club; 5 stones; a dart slug corpse You see here a rat corpse.
Found 2 poisoned darts.
You see here 2 poisoned darts.
Found an escape hatch in the floor.
Found 5 stones.
You now have 45 gold pieces (gained 14).
There is an escape hatch in the floor here.
You now have 60 gold pieces (gained 15).
You see here 5 stones.
You now have 61 gold pieces (gained 1).
You see here 5 stones.
g - a smoky clear potion
There is an escape hatch in the floor here.
You see here 5 stones.
You enter the shallow water.
Moving in this stuff is going to be slow.
You enter the shallow water.
Moving in this stuff is going to be slow.
You enter the shallow water.
Moving in this stuff is going to be slow.
Partly explored, can't reach some places.
Partly explored, can't reach some places.
As you read the scroll labelled RIUROSEPPAJ, it crumbles to dust.
You feel strangely unstable.
It was a scroll of teleportation.
It was a potion of heal wounds.
You feel much better.
It was a potion of berserk rage.
A red film seems to cover your vision as you go berserk!
You feel yourself moving faster!
You feel mighty!
Your surroundings seem slightly different.
You now have 22/22 hp.
Unknown command.
Are you sure you want to abandon this character and quit the game? (Confirm with "yes".)

#######......########## ### #
#......##≈≈≈### # ####.....#
#≈≈≈≈## #####........# #≈≈≈≈#
......#####.######≈≈≈##########
.###### #.#.....~~≈~.......<#
## #.#......~≈§........#
#.#......~≈~........#
#.#...@..~~~≈.......#
#...................#
###......~≈~~.......#
#.......≈≈~.......#
#.......~≈~.......#
#.......~≈≈~.....>#
#########≈≈≈####### ##≈≈≈≈#
##≈≈≈≈#


There were no monsters in sight!

Vanquished Creatures
  A dart slug (D:1)
  A ball python (D:1)
  2 endoplasms (D:1)
  2 hobgoblins (D:1)
  2 jackals (D:1)
  A quokka (D:1)
  A bat (D:1)
  A frilled lizard (D:1)
  2 kobolds (D:1)
  3 rats (D:1)
16 creatures vanquished.

Notes
Turn   | Place    | Note
-------+----------+-------------------------------------------
     0 | D:1      | Psyclone the Deep Elf Conjurer began the quest for the Orb.
     0 | D:1      | Reached XP level 1. HP: 10/10 MP: 6/6
   227 | D:1      | Reached XP level 2. HP: 15/15 MP: 1/8
   246 | D:1      | Reached skill level 5 in Conjurations
   317 | D:1      | Learned a level 2 spell: Searing Ray
   410 | D:1      | Found a faded altar of an unknown god.
   416 | D:1      | Got Plato's Exposition on Open Graves
   757 | D:1      | Quit the game

Illustrated notes

Levels and vault maps discovered:
D:1:      lemuel_arrival_river_bridge, layout_rooms,
          shapermc_ecumenical_altar_rom_forum

Skill      XL: |  1  2 |
---------------+-------+-----
Conjurations   | 5 |  5.2
Dodging        | |  2.4
Stealth        | |  2.4
Spellcasting   | |  3.0

Action                     || total
---------------------------++-------
  Melee: Unarmed           ||     3
   Cast: Magic Dart        ||    32
    Use: Scroll            ||     3
         Potion            ||     2
  Dodge: Dodged            ||    11
